 Dungeon Crawl Stone Soup version 0.32-a0-996-gb3226c233f (console) character file.

Game seed: 14210220756071088121

11 petzl the Sneak (level 2, -3/23 (24) HPs)
             Began as a Formicid Delver on Apr 23, 2024.
             Splashed by a jelly's acid (9 damage)
             ... on level 4 of the Dungeon.
             The game lasted 00:02:43 (383 turns).

petzl the Sneak (Formicid Delver)                    Turns: 383, Time: 00:02:43

HP:   -3/23 (24)    AC: -5    Str: 16    XL:     2   Next: 35%
MP:   2/2           EV: 11    Int:  9    God:
Gold: 29            SH:  0    Dex: 15    Spells: 1/1 levels left

rFire   . . .        a - +0 mace
rCold   . . .        (no shield)
rNeg    . . .        i - +0 leather armour
rPois   .            (helmet unavailable)
rElec   .            (no cloak)
rCorr   .            (no gloves)
SInv    +            (no boots)
Will    .....        (no amulet)
Stlth   +++          (no ring)
HPRegen 0.23/turn    (no ring)
MPRegen 0.08/turn

%: no passive effects
@: corroded, lightly drained
A: permanent stasis, dig shafts and tunnels, antennae 3, four strong arms
a: Dig, Shaft Self


You were on level 4 of the Dungeon.
You visited 2 branches of the dungeon, and saw 5 of its levels.

You collected 29 gold pieces.

Inventory:

Hand Weapons
 a - a +0 mace (weapon)
 b - a +0 sling
Armour
 i - a +0 leather armour (worn)
Wands
 f - a wand of digging (3)
Scrolls
 c - a scroll of fog
 h - a scroll of teleportation {unknown}
 k - 2 scrolls of amnesia {unknown}
Potions
 g - a potion of curing {unknown}
 j - a potion of heal wounds {unknown}


   Skills:
 - Level 3.4 Fighting
 - Level 2.2 Maces & Flails
 + Level 0.1 Ranged Weapons
 - Level 2.0 Dodging
 - Level 6.1 Stealth
 + Level 0.1 Spellcasting


You had one spell level left.
You didn't know any spells.
Your spell library contained the following spells:

 Spells                   Type           Power      Damage    Failure   Level
 Frozen Ramparts          Ice            0%         1d1       83%         3
 Ozocubu's Armour         Ice            0%         N/A       83%         3
 Metabolic Englaciation   Hex/Ice        0%         N/A       100%        5


Dungeon Overview and Level Annotations

Branches:
Dungeon (6/15)             Temple (1/1) D:6

Altars:
Cheibriados
Dithmenos
Fedhas
Hepliaklqana
Kikubaaqudgha
Sif Muna
Wu Jian
Xom
Zin
The Shining One

Annotations:
D:4 exclusion: hound


Innate Abilities, Weirdness & Mutations

You cannot be hasted, slowed, berserked, paralysed or teleported.
You can dig through walls and to a lower floor.
You have a pair of large antennae on your head. (SInv)
Your four strong arms can wield two-handed weapons with a shield.


Message History

The jelly misses you. The jelly completely misses you.
You sock the jelly! The acid corrodes you!
Your hands burn!
The jelly is almost dead.
The jelly hits you. The acid corrodes you!
You are splashed with acid.
You barely miss the jelly.
The jelly is almost dead.
The jelly hits you.
You are splashed with acid.
* * * LOW HITPOINT WARNING * * *
Unknown command.
Unknown command.
As you read the scroll of fear, it crumbles to dust.
You assume a fearsome visage.
The jelly looks frightened!
You climb upwards.
Found a whip.
There is a stone staircase leading down here.
You start resting.
You sense a monster nearby.
You start resting.
A gnoll comes into view. It is wielding a +0 club.
Press: ? - help, v - describe, . - travel, g - get item Item here: a whip.
The floor.
Unknown command.
You climb downwards.
You hear the sound of rushing water.
There is an entrance to a sewer on this level.
Hurry and find it before the portal rusts away!
Level annotation: exclusion: hound
There is a stone staircase leading up here.
You are no longer corroded.
There is an open door here.
You close the door.
You start resting.
You hear a slurping noise.
The jelly eats the door!
You hit the jelly. The acid corrodes you!
Your hands burn!
The jelly is severely wounded.
The jelly hits you.
* * * LOW HITPOINT WARNING * * *
The acid corrodes you!
You are splashed with acid!
You die...

#.# *,,,** *,* #.#
*,*,* *,* #.# *.#,*
*,* #.#
*.#,********,* #.#
*.#,,,,,,,,,,* #.#
##.########****
#.######..#......#
#.#.......#.####.#
###........##.# #.#
#.....####....# #.#
#...#.# #.#######.#
......# #.#
##...######
.#########.#
#.........#
.,*,,,.....#
#.........#
****,,#....#
#.........#
,~,,~,#.#.##
#.........#
~~~,~*#.#.#
#..)......#
******#.#.#
#.........# ~~~**
#.#.# #...@.....#
,~~,**#<#.#
######J######
~~~,{###..# #.J....#
***{{#....###.######
~~~~,#...J.##.#
,,~~*#####.##.#
***** #.##J# #....#
######


You could see a jelly.

Vanquished Creatures
  An adder (D:6)
  An endoplasm (D:4)
  A ball python (D:4)
3 creatures vanquished.

Notes
Turn   | Place    | Note
-------+----------+-------------------------------------------
     0 | D:5      | petzl the Formicid Delver began the quest for the Orb.
     0 | D:5      | Reached XP level 1. HP: 18/18 MP: 1/1
    16 | D:6      | Noticed an orc priest
    58 | D:6      | Reached XP level 2. HP: 14/24 MP: 2/2
   109 | D:6      | Found a staircase to the Ecumenical Temple.
   118 | Temple   | Entered the Ecumenical Temple
   383 | D:4      | Splashed by a jelly's acid

Illustrated notes

Levels and vault maps discovered:
D:3:      layout_loops_ring, mainiacjoe_overflow_surrounded_room,
          okawaru_altar_gauntlet_db, mainiacjoe_overflow_24_doors,
          ebering_ghost_disaster_area
D:4:      layout_basic, gup_sewer_entry_pipe
D:5:      layout_loops_cross, overflow_temple_1_default,
          nicolae_overflow_macrodata_refinement, mainiacjoe_overflow_catwalk,
          uniq_grinder, uniq_crazy_yiuf_cottage
D:6:      layout_loops_ring, lemuel_coloured_pillars_altar, temple_statues,
          nicolae_water_bricks
Temple:   nicolae_temple_figure_zero

Skill      XL: |  1 |
---------------+----+-----
Dodging        | 2 |  2.0
Fighting       | |  3.4
Maces & Flails | |  2.2
Ranged Weapons | |  0.1
Stealth        | |  6.1
Spellcasting   | |  0.1

Action                     || total
---------------------------++-------
  Melee: Mace              ||    12
Ability: Dig               ||     1
    Use: Scroll            ||     2
   Stab: Sleeping          ||     1
 Armour: Leather armour    ||     6
  Dodge: Dodged            ||    10

Table legend: (Time is in decaauts)
 A = Elapsed time spent in this place.
 B = Non-inter-level travel time spent in this place.
 C = Inter-level travel time spent in this place.
 D = Time resting spent in this place.
 E = Time spent auto-exploring this place.
 F = Levels seen in this place.
 G = Mean time per level.
                   A        B        C        D        E       F      G
               +--------+--------+--------+--------+--------+-----+--------+
         Total |    386 |    357 |     29 |     60 |      9 |   5 |   77.2 |
       Dungeon |    384 |    355 |     29 |     60 |      9 |   4 |   96.0 |
        Temple |      1 |      1 |      0 |      0 |      0 |   1 |    1.0 |
               +--------+--------+--------+--------+--------+-----+--------+

Top non-repeatable levels by time:
     D:4: 182 daAuts
     D:6: 170 daAuts
     D:3: 18 daAuts
     D:5: 12 daAuts
  Temple: 1 daAuts
